AoeStats
← 13645570128

Arena

509680750Analyzed
1v1 RM · 5d ago on Sep 27, 2026· 58m 20s· 2 players
Game mode
Random Map
Map size
Tiny (2 player)
Population
200
Speed
Normal
Resources
Standard
Victory
Conquest
Starting age
Dark Age
Ending age
Imperial Age
RankedLock teamsTeams togetherTeam positionsShared explorationLock speedFull tech treeHidden civsTurbo modeCheats
Victory
Defeat
🇩🇪 Mongols · Germany
584
+16
🇭🇰 Mongols · Hong Kong SAR China
579
-27
13645570128
9:58 Feudal Age
10:51 Double-Bit Axe
12:35 Wheelbarrow
13:41 Gold Mining
15:37 Horse Collar
18:29 Stone Mining
21:02 Castle Age
21:20 Fletching
22:10 Husbandry
23:52 Bloodlines
24:27 Gold Shaft Mining
33:15 Stone Shaft Mining
33:20 Hand Cart
35:31 Forging
35:44 Town Watch
36:29 Bodkin Arrow
37:17 Heavy Plow
42:11 Imperial Age
44:42 Town Patrol
46:23 Conscription
46:45 Iron Casting
48:57 Blast Furnace
48:43 Elite Steppe Lancer
50:51 Scale Barding Armor
52:40 Chemistry
52:03 Ballistics
53:45 Chain Barding Armor
53:27 Bracer
55:44 Pikeman
56:25 Squires
Зŋτə.
10:49 Feudal Age
16:13 Castle Age
14:31 Horse Collar
14:56 Double-Bit Axe
19:25 Gold Mining
21:02 Bow Saw
22:55 Stone Mining
27:15 Wheelbarrow
27:14 Forging
27:11 Scale Barding Armor
26:57 Fletching
27:08 Padded Archer Armor
28:21 Heavy Plow
29:02 Thumb Ring
31:51 Iron Casting
31:12 Bodkin Arrow
33:35 Hand Cart
34:31 Loom
35:52 Town Watch
40:21 Imperial Age
38:22 Chain Barding Armor
38:18 Leather Archer Armor
38:27 Ballistics
38:21 Husbandry
38:34 Bloodlines
40:27 Masonry
40:24 Town Patrol
43:07 Blast Furnace
42:08 Bracer
42:38 Parthian Tactics
43:16 Chemistry
42:25 Capped Ram
43:37 Drill
46:05 Elite Mangudai
48:12 Stone Shaft Mining
48:17 Gold Shaft Mining
52:24 Siege Ram
54:16 Siege Engineers
54:10 Murder Holes
55:55 Hoardings
55:22 Nomads
55:44 Conscription
56:35 Devotion
Connection lost

Rejoining the realm…

Still unreachable

The connection could not be restored.

Session expired

The server has moved on; the page needs a fresh start.